 Dungeon Crawl Stone Soup version 0.26-a0-652-gafc20e3620 (webtiles) character file.

Game seed: 5423788531688779163

3288 jasper the Magician (level 10, -1/73 HPs)
             Began as a Gnoll Venom Mage on Oct 3, 2020.
             Was a Believer of Ashenzari.
             Slain by a hornet zombie (9 damage)
             ... on level 9 of the Dungeon.
             The game lasted 00:21:30 (11221 turns).

jasper the Magician (Gnoll Venom Mage)             Turns: 11221, Time: 00:21:30

Health: -1/73      AC:  4    Str: 11    XL:     10   Next: 1%
Magic:  13/20      EV: 15    Int: 20    God:    Ashenzari [**....]
Gold:   126        SH:  0    Dex: 16    Spells: 9/23 levels left

rFire    + . .     SeeInvis .   B - staff of fire (curse)
rCold    . . .     Faith    .   (no shield)
rNeg     . . .     Spirit   .   a - +0 robe
rPois    .         Reflect  .   z - +0 helmet (curse)
rElec    .         Harm     .   G - +0 cloak (curse)
rCorr    .         Rampage  .   (no gloves)
MR       .....                  (no boots)
Stlth    +++.......             (no amulet)
HPRegen  0.22/turn              (no ring)
MPRegen  0.17/turn              (no ring)

@: heavily drained
A: distributed training, fangs 1, strong nose
a: Curse Item, Scrying, Renounce Religion


You were on level 9 of the Dungeon.
You worshipped Ashenzari.
Ashenzari was pleased with you.
You visited 2 branches of the dungeon, and saw 10 of its levels.

You collected 494 gold pieces.
You spent 368 gold pieces at shops.

Inventory:

Hand Weapons
 k - a +1 scythe of freezing
 q - a +0 flail
 x - a +1 dagger of holy wrath
 A - a +0 glaive
 L - the +9 battleaxe of Ybyw {flame, Str+3}
   (You bought it in a shop on level 8 of the Dungeon)

   It has been specially enchanted to burn those struck by it, causing extra
   injury to most foes and up to half again as much damage against particularly
   susceptible opponents.
   Big, fiery blades are also staple armaments of hydra-hunters.
   It affects your strength (+3).
Missiles
 b - 271 stones
 l - 15 poisoned darts
 n - 140 arrows
 w - 9 boomerangs (quivered)
 H - 2 throwing nets
Armour
 a - a +0 robe (worn)
 h - a +0 ring mail
 z - a cursed +0 helmet (worn)
 G - a cursed +0 cloak (worn)
Magical Staves
 B - a cursed staff of fire (weapon)
Wands
 s - a wand of polymorph (5)
 I - a wand of flame (19)
 K - a wand of random effects (15)
Scrolls
 e - 3 scrolls of fear
 f - 2 scrolls of enchant weapon
 g - a scroll of enchant armour
 j - a scroll of amnesia
 p - 2 scrolls of fog {unknown}
 t - 4 scrolls of noise {unknown}
 u - 2 scrolls of teleportation {unknown}
 y - a scroll of summoning {unknown}
 E - 2 scrolls of magic mapping {unknown}
 J - a scroll of identify
Potions
 i - 4 potions of cancellation
 o - 3 potions of ambrosia
 r - a potion of magic {unknown}
 v - 2 potions of lignification {unknown}
 C - a potion of degeneration {unknown}
 D - 4 potions of flight {unknown}
 F - a potion of heal wounds {unknown}
 M - a potion of might {unknown}


   Skills:
 + Level 4.8(3.3) Fighting
 + Level 4.8(3.3) Short Blades
 + Level 4.8(3.3) Long Blades
 + Level 4.8(3.3) Axes
 + Level 4.8(3.3) Maces & Flails
 + Level 4.8(3.3) Polearms
 + Level 4.8(4.6) Staves
 + Level 4.8(3.3) Slings
 + Level 4.8(3.3) Bows
 + Level 4.8(3.3) Crossbows
 + Level 4.8(3.3) Throwing
 + Level 4.8(3.3) Armour
 + Level 6.7(5.1) Dodging
 + Level 6.4(4.8) Stealth
 + Level 4.8(3.3) Shields
 + Level 4.8(3.3) Unarmed Combat
 + Level 7.0(5.4) Spellcasting
 + Level 4.0(2.5) Conjurations
 + Level 4.0(2.5) Hexes
 + Level 4.0(2.5) Summonings
 + Level 4.0(2.5) Necromancy
 + Level 4.0(2.5) Translocations
 + Level 4.5(3.0) Transmutations
 + Level 4.0(2.5) Fire Magic
 + Level 4.0(2.5) Ice Magic
 + Level 4.0(2.5) Air Magic
 + Level 4.0(2.5) Earth Magic
 + Level 6.8(5.2) Poison Magic
 + Level 5.3(3.7) Invocations
 + Level 4.8(4.6) Evocations


You had 9 spell levels left.
You knew the following spells:

 Your Spells              Type           Power        Failure   Level
a - Sting                 Tmut/Pois      ###.         1%          1
b - Poisonous Vapours     Pois/Air       ###...       3%          2
c - Mephitic Cloud        Conj/Pois/Air  ###.....     9%          3
d - Ignite Poison         Fire/Tmut/Pois ####....     8%          3
e - Summon Lightning Spi  Summ/Air       ###.....     36%         4
f - Apportation           Tloc           ###...       4%          1

Your spell library contained the following spells:

 Spells                   Type           Power        Failure   Level
 Summon Small Mammal      Summ           ###.         4%          1
 Call Imp                 Summ           ###.....     6%          2
 Call Canine Familiar     Summ           ###.....     12%         3
 Conjure Flame            Conj/Fire      ###.....     12%         3
 Lesser Beckoning         Tloc           ###.......   12%         3
 Summon Guardian Golem    Hex/Summ       ###.....     12%         3
 Tukima's Dance           Hex            ###.....     12%         3
 Olgreb's Toxic Radiance  Pois           ####....     13%         4
 Summon Ice Beast         Ice/Summ       ###.....     36%         4
 Alistair's Intoxication  Tmut/Pois      ###......    50%         5
 Freezing Cloud           Conj/Ice/Air   ###.......   99%         6
 Invisibility             Hex            ###.....     99%         6


Dungeon Overview and Level Annotations

Branches:
Dungeon (9/15)             Temple (1/1) D:4
   Lair: D:8-11         Orc: D:9-12

Altars:
Ashenzari
Dithmenos
Fedhas
Gozag
Hepliaklqana
Kikubaaqudgha
Makhleb
Okawaru
Ru
Sif Muna
Trog
Xom
Yredelemnul
The Shining One

Shops:
D:8 (=

Annotations:
D:7 5 runed translucent doors


Innate Abilities, Weirdness & Mutations

Your experience applies equally to all skills.
You have very sharp teeth.
Your uncanny sense of smell can sniff out nearby items.


Message History

The hornet zombie hits you.
Casting: Mephitic Cloud (dangerous; 9% risk of failure)
Confirm with . or Enter, or press ? or * to list all spells.
You feel a surge of power!
You ignite the poison in your surroundings!
The hornet zombie is engulfed in blazing flames.
The hornet zombie hits you!
* * * LOW HITPOINT WARNING * * *
You barely miss the hornet zombie.
The hornet zombie is moderately damaged.
The hornet zombie is engulfed in blazing flames.
The hornet zombie hits you!
* * * LOW HITPOINT WARNING * * *
The hornet zombie is engulfed in blazing flames.
The hornet zombie closely misses you.
You hit the hornet zombie but do no damage.
The hornet zombie is severely damaged.
The hornet zombie is engulfed in blazing flames.
The hornet zombie hits you!
You die...

, #. #.# .
#. #.#
*..##.##.#
.. ....$.#
#..#....$#
*
#....#...#
,
.........#
* * #.###
#@.# * ,
*#.....#)Z#
,
......°○○#
,
####..#○##
, * #..#.#
(..,#.#
###. #.# .,
..# , ###


You could see a hornet zombie.

Vanquished Creatures
  A hornet (D:5)
  A hippogriff (D:8)
  Sigmund (D:4)
  Menkaure (D:4)
  An orc warrior (D:4)
  2 black bears
  A sky beast (D:7)
  A phantom (D:8)
  A wolf (D:5)
  3 ogres
  A centaur (D:6)
  A bullfrog (D:6)
  3 killer bees (D:8)
  2 scorpions
  3 wights
  2 bullfrog zombies
  2 jellies (D:6)
  A centaur skeleton (D:4)
  4 orc priests
  A hound (D:5)
  8 orc wizards
  4 iguanas
  2 worker ants
  2 hound skeletons
  A howler monkey zombie (D:8)
  8 adders
  4 gnolls
  3 howler monkey skeletons
  4 shadow imps
  An ooze (D:5)
  An ufetubus (D:6)
  4 worms
  4 dart slugs
  4 leopard geckos
  36 orcs
  6 giant cockroaches
  8 goblins
  7 hobgoblins
  9 jackals
  6 kobolds
  4 ball pythons
  7 bats
  2 frilled lizards
  2 quokka skeletons
  4 rats
  A spectral orc (D:7)
175 creatures vanquished.

Vanquished Creatures (collateral kills)
  A water moccasin (D:8)
  9 wights
  A bullfrog skeleton (D:5)
11 creatures vanquished.

Vanquished Creatures (others)
  2 plants (D:1)
2 creatures vanquished.

Grand Total: 188 creatures vanquished

Notes
Turn   | Place    | Note
-------+----------+-------------------------------------------
     0 | D:1      | jasper the Gnoll Venom Mage began the quest for the Orb.
     0 | D:1      | Reached XP level 1. HP: 13/13 MP: 6/6
   304 | D:1      | You fall into a shaft and drop 1 floor!
   306 | D:2      | Reached XP level 2. HP: 19/19 MP: 5/7
   329 | D:2      | Learned a level 2 spell: Poisonous Vapours
  1109 | D:1      | Reached skill level 5 in Spellcasting
  1109 | D:1      | Reached XP level 3. HP: 25/25 MP: 2/9
  1261 | D:2      | Learned a level 3 spell: Mephitic Cloud
  1273 | D:2      | Learned a level 3 spell: Ignite Poison
  1409 | D:2      | Reached skill level 1 in Invocations
  1622 | D:2      | Reached skill level 1 in Fighting
  1622 | D:2      | Reached skill level 1 in Short Blades
  1622 | D:2      | Reached skill level 1 in Long Blades
  1622 | D:2      | Reached skill level 1 in Axes
  1622 | D:2      | Reached skill level 1 in Maces & Flails
  1622 | D:2      | Reached skill level 1 in Polearms
  1622 | D:2      | Reached skill level 1 in Staves
  1622 | D:2      | Reached skill level 1 in Slings
  1622 | D:2      | Reached skill level 1 in Bows
  1622 | D:2      | Reached skill level 1 in Crossbows
  1622 | D:2      | Reached skill level 1 in Throwing
  1622 | D:2      | Reached skill level 1 in Armour
  1622 | D:2      | Reached skill level 1 in Shields
  1622 | D:2      | Reached skill level 1 in Unarmed Combat
  1622 | D:2      | Reached skill level 1 in Evocations
  1862 | D:2      | Reached XP level 4. HP: 32/32 MP: 6/11
  2205 | D:2      | Found a burning altar of Makhleb.
  2205 | D:2      | Noticed a balrug
  2208 | D:2      | Noticed a neqoxec
  2208 | D:2      | Noticed a neqoxec
  2567 | D:3      | Reached skill level 1 in Conjurations
  2567 | D:3      | Reached skill level 1 in Hexes
  2567 | D:3      | Reached skill level 1 in Summonings
  2567 | D:3      | Reached skill level 1 in Necromancy
  2567 | D:3      | Reached skill level 1 in Translocations
  2567 | D:3      | Reached skill level 1 in Fire Magic
  2567 | D:3      | Reached skill level 1 in Ice Magic
  2567 | D:3      | Reached skill level 1 in Air Magic
  2567 | D:3      | Reached skill level 1 in Earth Magic
  3085 | D:3      | Reached XP level 5. HP: 37/37 MP: 9/12
  3717 | D:3      | Found an opulent altar of Gozag.
  3717 | D:3      | Found a burning altar of Makhleb.
  3844 | D:4      | Noticed Sigmund
  3861 | D:4      | Killed Sigmund
  3861 | D:4      | Reached skill level 5 in Dodging
  3861 | D:4      | Reached XP level 6. HP: 41/44 MP: 3/14
  4013 | D:4      | Found a staircase to the Ecumenical Temple.
  4020 | Temple   | Entered the Ecumenical Temple
  4037 | Temple   | Became a worshipper of Ashenzari the Shackled
  4298 | D:4      | Reached XP level 7. HP: 51/51 MP: 12/15
  4814 | D:4      | Noticed Menkaure
  4826 | D:4      | Killed Menkaure
  4826 | D:4      | Reached skill level 5 in Stealth
  5223 | D:5      | Entered Level 5 of the Dungeon
  5281 | D:5      | Reached XP level 8. HP: 57/57 MP: 16/16
  5864 | D:5      | Learned a level 4 spell: Summon Lightning Spire
  6125 | D:5      | Reached skill level 6 in Spellcasting
  6207 | D:5      | Found a shimmering blue altar of Sif Muna.
  6483 | D:5      | Noticed a hornet
  6489 | D:5      | Killed a hornet
  6799 | D:5      | Reached * piety under Ashenzari
  6814 | D:5      | Found a glowing golden altar of the Shining One.
  7527 | D:6      | Reached XP level 9. HP: 64/65 MP: 13/18
  8457 | D:7      | Reached ** piety under Ashenzari
  8942 | D:7      | Learned a level 1 spell: Apportation
  9192 | D:7      | Found the +9 staff of Olgreb {rPois∞}
  9208 | D:7      | Found a runed translucent door.
  9213 | D:7      | Found a runed translucent gate.
  9213 | D:7      | Found a runed translucent gate.
  9214 | D:7      | Found a runed translucent door.
  9224 | D:7      | Found a runed translucent gate.
  9497 | D:7      | Found a basalt altar of Yredelemnul.
  9937 | D:8      | Found Xaiguc's Antique Weapon Emporium.
  9949 | D:8      | Reached skill level 5 in Invocations
 10129 | D:8      | Bought an ancient battleaxe for 368 gold pieces
 10129 | D:8      | Identified the +9 battleaxe of Ybyw {flame, Str+3} (You
                  | bought it in a shop on level 8 of the Dungeon)
 10470 | D:8      | Found Uhuwaoge's Jewellery Shoppe.
 10522 | D:8      | Noticed a two-headed ogre
 10864 | D:8      | Reached skill level 7 in Spellcasting
 11172 | D:8      | Reached XP level 10. HP: 73/73 MP: 15/20
 11221 | D:9      | Slain by a hornet zombie

Illustrated notes

Levels and vault maps discovered:
D:1:      tarquinn_simple_flora_water_c, layout_basic
D:2:      layout_loops_ring, makhleb_altar_promises_db
D:3:      layout_loops_ring, gammafunk_temple_overflow_elements,
          kennysheep_small_spiral
D:4:      layout_loops_ring, minmay_temple_entry_wispy, uniq_menkaure,
          uniq_sigmund
D:5:      minmay_evil_eye, layout_layer_cave, led_sif_pool,
          lemuel_coloured_pillars_altar
D:6:      layout_cave_pods
D:7:      layout_basic, yredelemnul_forgotten_temple_becter,
          minmay_guarded_unrand_staff_of_olgreb
D:8:      layout_basic, lemuel_round_altar, serial_shops, shop, shop, shop, shop
D:9:      minmay_shrinking_squares, layout_loops_ring, kennysheep_little_box,
          erik_lair_island, uniq_maggie
Temple:   eino_wide_crystal_templ

Skill      XL: |  1  2  3  4  5  6  7  8  9 10 |
---------------+-------------------------------+-----
Transmutations | 2 3 4 |  4.5
Spellcasting   | 5 6 7 |  7.0
Invocations    | 1 2 3 4 5 |  5.3
Fighting       | 1 2 3 4 |  4.8
Short Blades   | 1 2 3 4 |  4.8
Long Blades    | 1 2 3 4 |  4.8
Axes           | 1 2 3 4 |  4.8
Maces & Flails | 1 2 3 4 |  4.8
Polearms       | 1 2 3 4 |  4.8
Staves         | 1 2 3 4 |  4.8
Slings         | 1 2 3 4 |  4.8
Bows           | 1 2 3 4 |  4.8
Crossbows      | 1 2 3 4 |  4.8
Throwing       | 1 2 3 4 |  4.8
Armour         | 1 2 3 4 |  4.8
Shields        | 1 2 3 4 |  4.8
Unarmed Combat | 1 2 3 4 |  4.8
Evocations     | 1 2 3 4 |  4.8
Conjurations   | 1 2 3 4 |  4.0
Hexes          | 1 2 3 4 |  4.0
Summonings     | 1 2 3 4 |  4.0
Necromancy     | 1 2 3 4 |  4.0
Translocations | 1 2 3 4 |  4.0
Fire Magic     | 1 2 3 4 |  4.0
Ice Magic      | 1 2 3 4 |  4.0
Air Magic      | 1 2 3 4 |  4.0
Earth Magic    | 1 2 3 4 |  4.0
Dodging        | 5 6 |  6.7
Stealth        | 5 6 |  6.4
Poison Magic   | 6 |  6.8

Action                   |  1- 3 |  4- 6 |  7- 9 | 10-12 || total
-------------------------+-------+-------+-------+-------++-------
Melee: Unarmed           |     3 |       |       |       ||     3
       Flail             |     6 |    34 |       |       ||    40
       Bite              |       |     2 |    24 |     2 ||    28
       Scythe            |       |    10 |       |       ||    10
       Staff             |       |       |   199 |    11 ||   210
       Punch             |       |       |     2 |     1 ||     3
Throw: Stone             |     1 |       |       |       ||     1
       Dart              |     2 |       |       |       ||     2
       Boomerang         |       |       |    96 |     4 ||   100
 Cast: Sting             |    12 |     6 |    12 |       ||    30
       Poisonous Vapours |    23 |    61 |    85 |       ||   169
       Mephitic Cloud    |       |       |    17 |     1 ||    18
       Ignite Poison     |       |       |    13 |     1 ||    14
       Summon Lightning  |       |       |    10 |     1 ||    11
Invok: Curse Item        |       |       |     2 |       ||     2
Evoke: Wand              |       |       |     6 |       ||     6
  Use: Scroll            |       |     5 |     6 |       ||    11
       Potion            |       |       |     2 |     2 ||     4
 Stab: Sleeping          |       |     1 |     4 |       ||     5
       Distracted        |       |       |     1 |       ||     1
Armor: Robe              |     1 |    13 |    22 |     1 ||    37
Dodge: Dodged            |     5 |    61 |   173 |    30 ||   269

Table legend: (Time is in decaauts)
 A = Elapsed time spent in this place.
 B = Non-inter-level travel time spent in this place.
 C = Inter-level travel time spent in this place.
 D = Time resting spent in this place.
 E = Time spent auto-exploring this place.
 F = Levels seen in this place.
 G = Mean time per level.
                   A        B        C        D        E       F      G
               +--------+--------+--------+--------+--------+-----+--------+
         Total |  11253 |  10983 |    270 |   1700 |   7748 |  10 | 1125.3 |
       Dungeon |  11223 |  10964 |    259 |   1700 |   7739 |   9 | 1247.0 |
        Temple |     29 |     18 |     11 |      0 |      9 |   1 |   29.0 |
               +--------+--------+--------+--------+--------+-----+--------+

Top non-repeatable levels by time:
     D:5: 1896 daAuts
     D:7: 1487 daAuts
     D:8: 1417 daAuts
     D:3: 1401 daAuts
     D:4: 1377 daAuts
     D:2: 1234 daAuts
     D:1: 1205 daAuts
     D:6: 1167 daAuts
     D:9: 36 daAuts
  Temple: 29 daAuts
